cohdb
Replays
Latest Replays
All Replays
Popular Replays
Top Player Replays
Match Explorer
How It Works
Community
CoH3 Stats
Reddit
Sign in to upload your games and track your stats! →
Sign in with Steam
Match 42182826
Unlisted
Match 42182826
Overview
Messages
Build Orders
End
Construct Barracks
Selects Advanced Infantry Battlegroup
Riflemen Squad
Riflemen Squad
Riflemen Squad
Infantry Support Center
Selects Convert to Ranger Squad
Convert to Ranger Squad
Advanced Logistics
Riflemen Squad
Selects Frontline Medical Station
Frontline Medical Station
M1918 Browning Automatic Rifles
Survival Training
Convert to Ranger Squad
Convert to Ranger Squad
Selects Ranger Weapon Training
Selects Artillery Observers
Ranger Squad
Frontline Medical Station
Construct Tank Depot
M4(105) Sherman Bulldozer
Microsoft Outlook
deadsadbadmad
Alessandro-9891
Quality *
yow_dman
Game-Go
0
0
Comments
sign in to comment!
No comments posted yet!